MLB
CHICAGO WHITE SOX @ NEW YORK YANKEES
08/24/2049
 
TOP OF THE 1ST
Chicago White Sox batting - Pitching for New York Yankees : LHP Arturo Eli
Pitching: LHP Arturo Eli
Batting: SHB Alfie Bungledorf 0-0: Ground out 3-1 (Groundball, 34, EV 105.6 MPH)
Batting: RHB Dieter Knoops 0-0: Called Strike
0-1: Ball
1-1: Fly out, F7 (Flyball, 7D, EV 103.1 MPH)
Batting: RHB Joseph Disepolo 0-0: Ball
1-0: Foul Ball, location: 2F
1-1: DOUBLE (Line Drive, 5D, EV 104.4 MPH)
Batting: RHB Steve Castleberry 0-0: Ball
1-0: Called Strike
1-1: Ground out 4-3 (Groundball, 4S, EV 87.5 MPH)
Top of the 1st over - 0 runs, 1 hit, 0 errors, 1 left on base; Chicago 0 - New York 0
BOTTOM OF THE 1ST
New York Yankees batting - Pitching for Chicago White Sox : LHP Stacy Hootentootin
Pitching: LHP Stacy Hootentootin
Batting: RHB Jeckel Hester 0-0: Swinging Strike
0-1: Fly out, F9 (Flyball, 9S, EV 84.4 MPH)
Batting: RHB Shiro Suehiro 0-0: Ball
1-0: Ball
2-0: Ball
3-0: Called Strike
3-1: Foul Ball, location: 2F
3-2: Strikes out swinging
Batting: SHB Bartholomeu Chambino 0-0: Called Strike
0-1: Ball
1-1: Ball
2-1: Foul Ball, location: 2F
2-2: Ground out 6-3 (Groundball, 6, EV 91.9 MPH)
Bottom of the 1st over - 0 runs, 0 hits, 0 errors, 0 left on base; Chicago 0 - New York 0
TOP OF THE 2ND
Chicago White Sox batting - Pitching for New York Yankees : LHP Arturo Eli
Batting: RHB Leo Navarro 0-0: Foul Ball, location: 2F
0-1: Ball
1-1: Ball
2-1: Ball
3-1: Base on Balls
Batting: RHB Rich Stinson 0-0: Ball
1-0: Ball
2-0: Called Strike
2-1: Ball
3-1: Base on Balls
Leo Navarro to second
Batting: RHB Chris Cooper 0-0: Ball
1-0: Fly out, F9 (Flyball, 9, EV 92.5 MPH)
Batting: LHB Angel Tellez 0-0: Ball
1-0: Foul Ball, location: 2F
1-1: Ball
2-1: SINGLE (Line Drive, 8RS, EV 107.5 MPH)
Leo Navarro to third
Rich Stinson to second
Runner from 3rd tries for Home, SAFE, throw by RF to home
Batting: SHB Marvin McAleer 0-0: Ball
1-0: Ball
2-0: Called Strike
2-1: Ball
3-1: Called Strike
3-2: Strikes out swinging
Batting: SHB Alfie Bungledorf 0-0: Called Strike
0-1: Foul Ball, location: 2F
0-2: Ball
1-2: Fielders Choice at 2nd, 5-4 (Groundball, 56, EV 86.9 MPH)
Top of the 2nd over - 1 run, 1 hit, 0 errors, 2 left on base; Chicago 1 - New York 0
BOTTOM OF THE 2ND
New York Yankees batting - Pitching for Chicago White Sox : LHP Stacy Hootentootin
Batting: RHB Adriaan Pieters 0-0: Called Strike
0-1: Ball
1-1: Called Strike
1-2: Fly out, F7 (Flyball, 7S, EV 83.1 MPH)
Batting: SHB Gus Berry 0-0: Called Strike
0-1: Ball
1-1: Ball
2-1: Swinging Strike
2-2: Ground out 6-3 (Groundball, 6S, EV 83.1 MPH)
Batting: SHB Mukhtar Wa'il 0-0: Ball
1-0: Called Strike
1-1: Ball
2-1: Fly out, F8 (Flyball, 89M, EV 92.5 MPH)
Bottom of the 2nd over - 0 runs, 0 hits, 0 errors, 0 left on base; Chicago 1 - New York 0
TOP OF THE 3RD
Chicago White Sox batting - Pitching for New York Yankees : LHP Arturo Eli
Batting: RHB Dieter Knoops 0-0: Called Strike
0-1: SINGLE (Groundball, 34D, EV 106.2 MPH)
Batting: RHB Joseph Disepolo 0-0: Ball
1-0: Ball
2-0: Ball
3-0: Called Strike
3-1: Base on Balls
Dieter Knoops to second
Batting: RHB Steve Castleberry 0-0: Called Strike
0-1: Ball
1-1: Called Strike
1-2: Ball
2-2: Grounds into double play, 5-4-3 (Groundball, 56, EV 105.0 MPH)
Dieter Knoops to third
Batting: RHB Leo Navarro 0-0: Called Strike
0-1: Ball
1-1: DOUBLE (Line Drive, 89M, EV 103.1 MPH)
Dieter Knoops scores
Batting: RHB Rich Stinson 0-0: Ball
1-0: Foul Ball, location: 2F
1-1: Ball
2-1: Ball
3-1: Foul Ball, location: 2F
3-2: Strikes out swinging
Top of the 3rd over - 1 run, 2 hits, 0 errors, 1 left on base; Chicago 2 - New York 0
BOTTOM OF THE 3RD
New York Yankees batting - Pitching for Chicago White Sox : LHP Stacy Hootentootin
Batting: RHB Russ Shambaugh 0-0: Ball
1-0: Ball
2-0: Ball
3-0: Base on Balls
Batting: RHB Geni Prawiranega 0-0: Ball
1-0: Ball
2-0: Fly out, F8 (Line Drive, 8RD, EV 93.8 MPH)
Batting: LHB Joel Vera 0-0: Foul Ball, location: 2F
0-1: Ball
1-1: Foul Ball, location: 2F
1-2: Foul Ball, location: 2F
1-2: Strikes out looking
Batting: RHB Jeckel Hester 0-0: Ball
1-0: Ground out 4-3 (Groundball, 34, EV 100.6 MPH)
Bottom of the 3rd over - 0 runs, 0 hits, 0 errors, 1 left on base; Chicago 2 - New York 0
TOP OF THE 4TH
Chicago White Sox batting - Pitching for New York Yankees : LHP Arturo Eli
Batting: RHB Chris Cooper 0-0: Called Strike
0-1: Called Strike
0-2: Ball
1-2: Strikes out swinging
Batting: LHB Angel Tellez 0-0: SINGLE (Line Drive, 78S, EV 93.1 MPH)
Batting: SHB Marvin McAleer 0-0: Swinging Strike
0-1: Called Strike
0-2: Strikes out swinging
Batting: SHB Alfie Bungledorf 0-0: Ball
1-0: Called Strike
1-1: Ball
2-1: SINGLE (Line Drive, 56, EV 96.9 MPH)
Angel Tellez to second
Batting: RHB Dieter Knoops 0-0: Fly out, F4 (Line Drive, 4, EV 71.2 MPH)
Top of the 4th over - 0 runs, 2 hits, 0 errors, 2 left on base; Chicago 2 - New York 0
BOTTOM OF THE 4TH
New York Yankees batting - Pitching for Chicago White Sox : LHP Stacy Hootentootin
Batting: RHB Shiro Suehiro 0-0: Ball
1-0: Called Strike
1-1: Ball
2-1: Ball
3-1: Ground out 6-3 (Groundball, 6, EV 104.4 MPH)
Batting: SHB Bartholomeu Chambino 0-0: Ball
1-0: Called Strike
1-1: Ball
2-1: Fly out, F8 (Flyball, 8RD, EV 98.8 MPH)
Batting: RHB Adriaan Pieters 0-0: SINGLE (Groundball, 56D, EV 98.1 MPH)
Batting: SHB Gus Berry 0-0: Called Strike
0-1: Swinging Strike
0-2: Ball
1-2: Ball
Balk!
Adriaan Pieters to second
2-2: Strikes out looking
Bottom of the 4th over - 0 runs, 1 hit, 0 errors, 1 left on base; Chicago 2 - New York 0
TOP OF THE 5TH
Chicago White Sox batting - Pitching for New York Yankees : LHP Arturo Eli
Batting: RHB Joseph Disepolo 0-0: Ball
1-0: Called Strike
1-1: Swinging Strike
1-2: Ball
2-2: Strikes out swinging
Batting: RHB Steve Castleberry 0-0: Ball
1-0: Called Strike
1-1: SINGLE (Groundball, 6, EV 95.6 MPH)
Batting: RHB Leo Navarro 0-0: Ball
1-0: Called Strike
1-1: Ball
2-1: Foul Ball, location: 2F
2-2: Fly out, F8 (Flyball, 8LS, EV 90.6 MPH)
Batting: RHB Rich Stinson 0-0: Ball
1-0: Ball
2-0: SINGLE (Groundball, 25, EV 70.0 MPH) (infield hit)
Steve Castleberry to second
Batting: RHB Chris Cooper 0-0: Called Strike
0-1: Ball
1-1: Ball
2-1: Swinging Strike
2-2: Fly out, F8 (Flyball, 89M, EV 81.9 MPH)
Top of the 5th over - 0 runs, 2 hits, 0 errors, 2 left on base; Chicago 2 - New York 0
BOTTOM OF THE 5TH
New York Yankees batting - Pitching for Chicago White Sox : LHP Stacy Hootentootin
Batting: SHB Mukhtar Wa'il 0-0: Foul Ball, location: 2F
0-1: Hit by Pitch
Batting: RHB Russ Shambaugh 0-0: Fielders Choice at 2nd, 5-4 (Groundball, 5, EV 88.1 MPH)
Batting: RHB Geni Prawiranega 0-0: Swinging Strike
0-1: Foul Ball, location: 2F
0-2: Ball
1-2: Ball
2-2: Foul Ball, location: 2F
2-2: Ball
3-2: Foul Ball, location: 2F
3-2: Strikes out looking
Batting: LHB Joel Vera 0-0: Called Strike
0-1: Called Strike
0-2: Foul Ball, location: 2F
0-2: Ball
1-2: Foul Ball, location: 2F
1-2: Fielders Choice at 2nd, 5-4 (Groundball, 56, EV 103.8 MPH)
Bottom of the 5th over - 0 runs, 0 hits, 0 errors, 1 left on base; Chicago 2 - New York 0
TOP OF THE 6TH
Chicago White Sox batting - Pitching for New York Yankees : LHP Arturo Eli
Batting: LHB Angel Tellez 0-0: Foul Ball, location: 2F
0-1: Swinging Strike
0-2: Ball
1-2: Strikes out swinging
Batting: SHB Marvin McAleer 0-0: Ball
1-0: Ground out 4-3 (Groundball, 4, EV 84.4 MPH)
Batting: SHB Alfie Bungledorf 0-0: Ball
1-0: Ball
2-0: SOLO HOME RUN (Flyball, 7LD, EV 90.0 MPH), Distance : 343 ft
Batting: RHB Dieter Knoops 0-0: Called Strike
0-1: Foul Ball, location: 2F
0-2: Ball
1-2: Ball
2-2: Ball
3-2: Strikes out swinging
Top of the 6th over - 1 run, 1 hit, 0 errors, 0 left on base; Chicago 3 - New York 0
BOTTOM OF THE 6TH
New York Yankees batting - Pitching for Chicago White Sox : LHP Stacy Hootentootin
Batting: RHB Jeckel Hester 0-0: Called Strike
0-1: Ball
1-1: Swinging Strike
1-2: Foul Ball, location: 2F
1-2: Foul Ball, location: 2F
1-2: Foul Ball, location: 2F
1-2: Ball
2-2: Foul Ball, location: 2F
2-2: Ball
3-2: Strikes out looking
Batting: RHB Shiro Suehiro 0-0: Ball
1-0: Called Strike
1-1: SINGLE (Groundball, 34D, EV 104.4 MPH)
Batting: SHB Bartholomeu Chambino 0-0: Swinging Strike
0-1: Fly out, F8 (Flyball, 8RM, EV 93.8 MPH)
Batting: RHB Adriaan Pieters 0-0: Called Strike
0-1: Ball
1-1: Ball
Shiro Suehiro steals 2nd, throwing error, E2
Shiro Suehiro to third
2-1: Foul Ball, location: 2F
2-2: Ground out U3 (Groundball, 34, EV 100.0 MPH)
Bottom of the 6th over - 0 runs, 1 hit, 1 error, 1 left on base; Chicago 3 - New York 0
TOP OF THE 7TH
Chicago White Sox batting - Pitching for New York Yankees : LHP Arturo Eli
Pitching: LHP Robert Cruz
Batting: RHB Joseph Disepolo 0-0: Ball
1-0: Called Strike
1-1: Foul Ball, location: 2F
1-2: Ball
2-2: Strikes out swinging
Batting: RHB Steve Castleberry 0-0: Called Strike
0-1: Ball
1-1: Called Strike
1-2: Foul Ball, location: 2F
1-2: Foul Ball, location: 2F
1-2: Strikes out swinging
Batting: RHB Leo Navarro 0-0: Foul Ball, location: 2F
0-1: Ball
1-1: Ball
2-1: Called Strike
2-2: Foul Ball, location: 2F
2-2: Ground out 6-3 (Groundball, 6, EV 89.4 MPH)
Top of the 7th over - 0 runs, 0 hits, 0 errors, 0 left on base; Chicago 3 - New York 0
BOTTOM OF THE 7TH
New York Yankees batting - Pitching for Chicago White Sox : LHP Stacy Hootentootin
Batting: SHB Gus Berry 0-0: Ball
1-0: Foul Ball, location: 2F
1-1: Ground out 6-3 (Groundball, 6, EV 76.2 MPH)
Pitching: RHP Riso Profanter
Batting: SHB Mukhtar Wa'il 0-0: Ball
1-0: Called Strike
1-1: Swinging Strike
1-2: Strikes out swinging
Batting: RHB Russ Shambaugh 0-0: Ball
1-0: Called Strike
1-1: Ball
2-1: DOUBLE (Line Drive, 9LM, EV 111.2 MPH)
Batting: RHB Geni Prawiranega 0-0: Ground out 5-3 (Groundball, 5, EV 86.9 MPH)
Bottom of the 7th over - 0 runs, 1 hit, 0 errors, 1 left on base; Chicago 3 - New York 0
TOP OF THE 8TH
Chicago White Sox batting - Pitching for New York Yankees : LHP Robert Cruz
Pitching: RHP Chris McCoy
Batting: RHB Rich Stinson 0-0: Ball
1-0: Ball
2-0: Foul Ball, location: 2F
2-1: Fly out, F7 (Flyball, 7, EV 90.6 MPH)
Batting: RHB Chris Cooper 0-0: Swinging Strike
0-1: Foul Ball, location: 2F
0-2: Foul Ball, location: 2F
0-2: Foul Ball, location: 2F
0-2: Strikes out looking
Batting: LHB Angel Tellez 0-0: Swinging Strike
0-1: Called Strike
0-2: Strikes out swinging
Top of the 8th over - 0 runs, 0 hits, 0 errors, 0 left on base; Chicago 3 - New York 0
BOTTOM OF THE 8TH
New York Yankees batting - Pitching for Chicago White Sox : RHP Riso Profanter
Batting: LHB Joel Vera 0-0: Called Strike
0-1: Ground out U3 (Groundball, 34S, EV 88.8 MPH)
Batting: RHB Jeckel Hester 0-0: Called Strike
0-1: Foul Ball, location: 2F
0-2: Ball
1-2: Fly out, F3 (Popup, 3SF, EV 84.4 MPH)
Batting: RHB Shiro Suehiro 0-0: Ball
1-0: SINGLE (Groundball, 4S, EV 65.0 MPH) (infield hit)
Batting: SHB Bartholomeu Chambino 0-0: Foul Ball, location: 2F
0-1: Foul Ball, location: 2F
0-2: Ball
1-2: Ball
2-2: Strikes out swinging
Bottom of the 8th over - 0 runs, 1 hit, 0 errors, 1 left on base; Chicago 3 - New York 0
TOP OF THE 9TH
Chicago White Sox batting - Pitching for New York Yankees : RHP Chris McCoy
Batting: SHB Marvin McAleer 0-0: Hit by Pitch
Batting: SHB Alfie Bungledorf 0-0: Ball
Marvin McAleer steals 2nd base
1-0: Fly out, F9 (Flyball, 9, EV 82.5 MPH)
Batting: RHB Dieter Knoops 0-0: Ball
Marvin McAleer steals 3rd base
1-0: Foul Ball, location: 2F
1-1: Foul Ball, location: 2F
1-2: Foul Ball, location: 2F
1-2: 2-RUN HOME RUN (Line Drive, 7LD, EV 94.4 MPH), Distance : 334 ft
Batting: RHB Joseph Disepolo 0-0: Foul Ball, location: 2F
0-1: Fly out, F8 (Flyball, 8RM, EV 86.9 MPH)
Batting: RHB Steve Castleberry 0-0: Ball
1-0: Ball
2-0: Foul Ball, location: 2F
2-1: SINGLE (Line Drive, 34D, EV 98.8 MPH)
Batting: RHB Leo Navarro 0-0: Called Strike
0-1: 2-RUN HOME RUN (Flyball, 7LD, EV 88.8 MPH), Distance : 332 ft
Batting: RHB Rich Stinson 0-0: Ball
1-0: Called Strike
1-1: Ball
2-1: Called Strike
2-2: Foul Ball, location: 2F
2-2: Foul Ball, location: 2F
2-2: Strikes out looking
Top of the 9th over - 4 runs, 3 hits, 0 errors, 0 left on base; Chicago 7 - New York 0
BOTTOM OF THE 9TH
New York Yankees batting - Pitching for Chicago White Sox : RHP Riso Profanter
Pinch Hitting: RHB Jose Tovar 0-0: Ball
1-0: Fly out, F9 (Flyball, 89M, EV 83.1 MPH)
Pinch Hitting: RHB Larry Martell 0-0: Ball
1-0: Swinging Strike
1-1: Swinging Strike
1-2: Strikes out looking
Batting: SHB Mukhtar Wa'il 0-0: Ball
1-0: Called Strike
1-1: SOLO HOME RUN (Flyball, 9LD, EV 93.1 MPH), Distance : 344 ft
Batting: RHB Russ Shambaugh 0-0: Swinging Strike
0-1: Swinging Strike
0-2: Ball
1-2: Foul Ball, location: 2F
1-2: Foul Ball, location: 2F
1-2: Strikes out swinging
Bottom of the 9th over - 1 run, 1 hit, 0 errors, 0 left on base; Chicago 7 - New York 1
Sunday, July 16th , 2023 - OOTP Baseball 24.6 Build 69